 Dungeon Crawl Stone Soup version 0.29-a0-819-g94b489e (webtiles) character file.

Game seed: 12667870731293017838

28716 Illumine the Severer (level 13, -9/123 HPs)
             Began as a Minotaur Fighter on July 6, 2022.
             Was the Champion of Okawaru.
             Mangled by a death yak (14 damage)
             ... on level 4 of the Lair of Beasts.
             The game lasted 00:10:03 (12372 turns).

Illumine the Severer (Minotaur Fighter)            Turns: 12372, Time: 00:10:04

Health: -9/123     AC: 26    Str: 30    XL:     13   Next: 11%
Magic:  18/18      EV:  8    Int:  5    God:    Okawaru [******]
Gold:   560        SH:  0    Dex: 10    Spells: 12/12 levels left

rFire   + . .      SeeInvis +   X - +0 executioner's axe (flame)
rCold   . . .      Faith    .   (shield currently unavailable)
rNeg    . . .      Spirit   .   M - +1 plate armour "Terghaehe" {Slay+3 SInv}
rPois   +          Reflect  .   (helmet restricted)
rElec   .          Harm     .   C - +0 cloak
rCorr   .          Rampage  .   b - +1 pair of gloves "Miungem" {rPois rF+}
Will    +....                   S - +1 pair of boots of Philately {Str+4}
Stlth   ..........              O - amulet of regeneration
HPRegen 1.10/turn               s - +4 ring of protection
MPRegen 0.16/turn               J - ring of willpower

@: no status effects
A: horns 2, retaliatory headbutt
a: Renounce Religion, Heroism, Finesse, Duel


You were on level 4 of the Lair of Beasts.
You worshipped Okawaru.
Okawaru was exalted by your worship.
You visited 3 branches of the dungeon, and saw 13 of its levels.
You also visited: Ossuary and Volcano.

You collected 768 gold pieces.
You spent 208 gold pieces at shops.

Inventory:

Hand Weapons
 n - a +0 sling
 t - a +2 war axe of freezing
 D - a +2 flail of draining
 W - the +2 war axe of Compound Interest {vorpal, rPois Will+ rCorr Int+2}
   (Okawaru gifted it to you in a volcano)

   It inflicts extra damage upon your enemies.
   Int:       It affects your intelligence (+2).
   rPois:     It protects you from poison.
   rCorr:     It protects you from acid and corrosion.
   Will:      It increases your willpower.
 X - a +0 executioner's axe of flaming (weapon)
Missiles
 E - 6 boomerangs
 G - 2 throwing nets (quivered)
 N - 5 javelins
 T - 3 boomerangs of dispersal
Armour
 b - the +1 pair of gloves "Miungem" (worn) {rPois rF+}
   (You acquired it on level 8 of the Dungeon)

   rF:        It protects you from fire.
   rPois:     It protects you from poison.
 c - a +0 buckler
 C - a +0 cloak (worn)
 M - the +1 plate armour "Terghaehe" (worn) {Slay+3 SInv}
   (You found it on level 8 of the Dungeon)

   Slay:      It affects your accuracy & damage with ranged weapons and melee
   (+3).
   SInv:      It lets you see invisible.
 S - the +1 pair of boots of Philately (worn) {Str+4}
   (Okawaru gifted it to you on level 3 of the Lair of Beasts)

   Str:       It affects your strength (+4).
Jewellery
 s - a +4 ring of protection (left hand)
 I - a +4 ring of protection
 J - a ring of willpower (right hand)
 O - an amulet of regeneration (around neck)
 R - a ring of protection from fire
 U - a +4 ring of evasion
Wands
 k - a wand of digging (5)
 m - a wand of roots (13)
 K - a wand of polymorph (10)
Scrolls
 f - 4 scrolls of fog
 h - 2 scrolls of magic mapping
 i - a scroll of blinking
 j - 5 scrolls of vulnerability
 l - 3 scrolls of teleportation
 x - a scroll of enchant armour {unknown}
 y - a scroll of summoning {unknown}
 A - 2 scrolls of fear
 H - 2 scrolls of silence {unknown}
 P - a scroll of poison {unknown}
 Q - a scroll of identify
 V - a scroll of amnesia {unknown}
Potions
 a - 3 potions of berserk rage
 d - 3 potions of might
 e - 5 potions of curing
 g - 4 potions of ambrosia
 o - 3 potions of haste
 p - 3 potions of lignification
 q - 4 potions of resistance
 r - a potion of cancellation {unknown}
 u - a potion of magic {unknown}
 v - 2 potions of flight
 w - 2 potions of mutation {unknown}
 z - 2 potions of brilliance
 B - 2 potions of heal wounds
 F - 4 potions of attraction {unknown}
 L - a potion of experience {unknown}


   Skills:
 + Level 13.8 Fighting
 * Level 16.1 Axes
 + Level 5.8 Ranged Weapons
 + Level 10.6 Armour
 - Level 7.5 Shields
 + Level 8.4 Invocations


You had 12 spell levels left.
You didn't know any spells.
Your spell library contained the following spells:

 Spells                   Type           Power      Damage    Failure   Level
 Apportation              Tloc           0%         N/A       98%         1
 Freeze                   Ice            0%         1d3       98%         1
 Slow                     Hex            0%         N/A       98%         1
 Scorch                   Fire           0%         2d5       99%         2
 Confusing Touch          Hex            0%         N/A       100%        3
 Frozen Ramparts          Ice            0%         1d2       100%        3
 Ignite Poison            Fire/Tmut/Pois 0%         N/A       100%        3
 Mephitic Cloud           Conj/Pois/Air  0%         N/A       100%        3
 Portal Projectile        Hex/Tloc       0%         N/A       100%        3
 Vampiric Draining        Necr           0%         2d6       100%        3
 Airstrike                Air            0%         0-1+      100%        4
 Flame Wave               Conj/Fire      0%         2d4       100%        4
 Hailstorm                Conj/Ice       0%         3d3       100%        4
 Alistair's Intoxication  Tmut/Pois      0%         N/A       100%        5
 Blade Hands              Tmut           0%         N/A       100%        5
 Freezing Cloud           Conj/Ice/Air   0%         6-21      100%        5
 Iskenderun's Battlesphe  Conj           0%         2d6       100%        5
 Lightning Bolt           Conj/Air       0%         1d11      100%        5
 Yara's Violent Unravell  Hex/Tmut       0%         3d3       100%        5
 Dispersal                Tloc           0%         N/A       100%        6
 Iron Shot                Conj/Erth      0%         9d1       100%        6
 Enfeeble                 Hex            0%         N/A       100%        7
 Disjunction              Tloc           0%         N/A       100%        8
 Tukima's Dance           Hex            Unusable   N/A       N/A         3
 Summon Lightning Spire   Summ/Air       Unusable   N/A       N/A         4
 Summon Cactus Giant      Summ           Unusable   N/A       N/A         6
 Spellforged Servitor     Conj/Summ      Unusable   N/A       N/A         7

Dungeon Overview and Level Annotations

Branches:
Dungeon (8/15)             Temple (1/1) D:7            Lair (4/6) D:8
  Snake (0/4) Lair:3      Ossuary (visited)         Volcano (visited)
  Swamp: Lair:2-4    Shoals: Lair:2-4

Altars:
Ashenzari
Cheibriados
Dithmenos
Elyvilon
Fedhas
Gozag
Kikubaaqudgha
Nemelex Xobeh
Okawaru
Qazlal
Ru
Sif Muna
Trog
Uskayaw
Vehumet
Wu Jian
Xom
Zin
The Shining One

Shops:
D:4 (?[   D:8 [

Annotations:
D:4 exclusion: statue
Lair:1 2 runed translucent doors, Kobimuze's ghost, journeyman MfTm


Innate Abilities, Weirdness & Mutations

You have a pair of horns on your head.
You reflexively headbutt those who attack you in melee.


Message History

You slash the death yak! You burn the death yak.
Your headbutt misses the death yak.
The death yak is heavily wounded.
You slash the death yak! You burn the death yak. You slice the death yak!!
You burn the death yak.
The death yak gores you! x2; The death yak gores you!!
The death yak gores you but does no damage. x2
The death yak closely misses you. The death yak gores you.
You are too injured to fight recklessly!
You are too injured to fight recklessly!
Unknown command.
You are too injured to fight recklessly!
Unknown command.
You slash the death yak! You burn the death yak.
The death yak is moderately wounded.
You slash the death yak! You burn the death yak.
You hit the death yak but do no damage. You slice the death yak!!
You burn the death yak. The death yak barely misses you.
The death yak gores you.
The death yak gores you but does no damage.
The death yak gores you!
* * * LOW HITPOINT WARNING * * *
You slice the death yak!! You burn the death yak.
The death yak is moderately wounded.
You hit the death yak but do no damage. You barely miss the death yak.
You hit the death yak but do no damage.
The death yak gores you but does no damage.
The death yak gores you!
* * * LOW HITPOINT WARNING * * *
The death yak gores you!
* * * LOW HITPOINT WARNING * * *
The death yak gores you but does no damage.
You barely miss the death yak. You headbutt the death yak.
The death yak is heavily wounded.
You slash the death yak! You burn the death yak.
You completely miss the death yak. You slice the death yak!!
You burn the death yak! The death yak closely misses you.
The death yak gores you!
* * * LOW HITPOINT WARNING * * *
The death yak gores you!
You die...

#.##..≈..## #.###.≈.##
##.# #.§..# #..#
#.≈..# ###.# #.≈§.# ##
#...###..≈.## #.#
###..##.§≈.?#
..#.#.Y#####.###.≈..##
......Y@†....###.≈..#
.P....YY#†#.###.≈≈÷##
.....###..#.###.≈..#
###. .......#.§≈..# #.
#.......##.≈..# #
#...#P...##.≈≈.#
#...##..###..≈.# ##..
.... ##.≈.# #####


You could see 4 death yaks.

Vanquished Creatures
  A hydra (Lair:4)
  A dancing weapon (Volcano)
  A death yak (Lair:4)
  A lindwurm (Lair:4)
  Pikel (D:7)
  5 wizards (Volcano)
  5 toenail golems (Volcano)
  4 elephants (Lair:3)
  6 black mambas
  8 cane toads
  2 rime drakes
  5 komodo dragons
  4 dream sheep (Lair:4)
  A hornet (D:8)
  15 blink frogs
  4 wyverns
  29 yaks
  4 basilisks
  2 swamp worms (Lair:4)
  12 water moccasins
  2 ice beasts
  2 black bears
  A swamp drake (D:8)
  An orc warrior (D:8)
  2 centaurs (D:8)
  An ogre (D:7)
  16 wolves
  A lemure (D:7)
  A kobold brigand (D:7)
  4 scorpions
  11 bullfrogs
  6 wights (D:7)
  2 howler monkeys
  2 hounds
  A centaur zombie (Ossuary)
  3 human zombies (Ossuary)
  2 jellies (D:6)
  An orc priest (D:5)
  A gnoll bouda (D:4)
  4 iguanas
  2 human skeletons (D:5)
  6 orc wizards
  5 mummies (Ossuary)
  22 gnolls
  9 adders
  4 white imps
  An ufetubus (D:5)
  2 worms
  A dart slug (D:5)
  35 orcs
  6 ball pythons
  7 endoplasms
  A giant cockroach (D:1)
  6 goblins
  15 hobgoblins
  6 jackals
  2 quokkas (D:3)
  3 bats
  4 frilled lizards
  2 gnoll zombies (Ossuary)
  12 kobolds
  A kobold zombie (Ossuary)
  2 orc skeletons (D:5)
  3 orc zombies
  4 rats
336 creatures vanquished.

Vanquished Creatures (others)
  11 fungi
  14 plants
  2 withered plants (Lair:1)
27 creatures vanquished.

Grand Total: 363 creatures vanquished

Notes
Turn   | Place    | Note
-------+----------+-------------------------------------------
     0 | D:1      | Illumine the Minotaur Fighter began the quest for the Orb.
     0 | D:1      | Reached XP level 1. HP: 19/19 MP: 0/0
   334 | D:1      | Reached XP level 2. HP: 27/27 MP: 1/1
   430 | D:1      | Reached skill level 3 in Axes
   497 | D:1      | Found a faded altar of an unknown god.
   944 | D:2      | Reached XP level 3. HP: 28/33 MP: 2/2
  1172 | D:2      | You fall into a shaft and drop 2 floors!
  1173 | D:4      | Found Goheami's Magic Scroll Shoppe.
  1178 | D:4      | Bought a scroll of identify for 26 gold pieces
  1178 | D:4      | Bought a scroll of teleportation for 39 gold pieces
  1217 | D:4      | Reached skill level 4 in Axes
  1327 | D:4      | Found Zoetoun's Armour Shop.
  1336 | D:4      | Reached XP level 4. HP: 39/41 MP: 3/3
  1397 | D:4      | Found a radiant altar of Vehumet.
  1397 | D:4      | Noticed a charred statue
  1963 | D:3      | Reached skill level 5 in Axes
  2342 | D:4      | Found Zainuc's Antique Weapon Emporium.
  2354 | D:4      | Reached XP level 5. HP: 40/47 MP: 4/4
  2473 | D:4      | Reached skill level 5 in Fighting
  2676 | D:4      | Reached skill level 6 in Axes
  2898 | D:4      | Reached XP level 6. HP: 52/56 MP: 5/5
  2961 | D:4      | Bought a glowing war axe for 143 gold pieces
  3040 | D:4      | Identified the +5 ring mail "Ypajoc" {Harm}
  3168 | D:5      | Entered Level 5 of the Dungeon
  3260 | D:5      | Found a sand-covered staircase.
  3265 | Ossuary  | Entered an ossuary
  3325 | Ossuary  | Reached skill level 7 in Axes
  3616 | Ossuary  | Reached XP level 7. HP: 63/63 MP: 6/6
  3731 | D:5      | Reached skill level 8 in Axes
  4123 | D:5      | Noticed a wyvern
  4133 | D:5      | Killed a wyvern
  4134 | D:5      | Reached skill level 9 in Axes
  4139 | D:5      | Reached XP level 8. HP: 29/73 MP: 7/7
  4880 | D:6      | Reached skill level 10 in Axes
  5048 | D:6      | Found a shimmering blue altar of Sif Muna.
  5621 | D:7      | Reached skill level 11 in Axes
  5825 | D:7      | Noticed Pikel
  5832 | D:7      | Killed Pikel
  5833 | D:7      | Reached XP level 9. HP: 72/83 MP: 8/8
  5902 | D:7      | Reached skill level 12 in Axes
  6249 | D:7      | Found a staircase to the Ecumenical Temple.
  6258 | Temple   | Entered the Ecumenical Temple
  6470 | Temple   | Became a worshipper of Warmaster Okawaru
  6548 | D:7      | Reached skill level 13 in Axes
  6615 | D:7      | Found a hide-covered altar of Uskayaw.
  6618 | D:7      | Noticed a +0 dagger
  6618 | D:7      | Noticed a +0 hand axe
  6633 | D:7      | Found a white marble altar of Elyvilon.
  6634 | D:7      | Found a sacrificial altar of Ru.
  6929 | D:8      | Reached skill level 10 in Fighting
  6939 | D:8      | Found Bocratt's Antique Armour Shoppe.
  6957 | D:8      | Reached skill level 1 in Invocations
  7229 | D:8      | Identified the +1 plate armour "Terghaehe" {Slay+3 SInv}
  7323 | D:8      | Identified a scroll of acquirement
  7325 | D:8      | Acquired the +1 pair of gloves "Miungem" {rPois rF+}
  7469 | D:8      | Reached * piety under Okawaru
  7525 | D:8      | Reached XP level 10. HP: 90/94 MP: 10/10
  7550 | D:8      | Found a staircase to the Lair.
  7823 | Lair:1   | Entered Level 1 of the Lair of Beasts
  7823 | Lair:1   | Noticed a black mamba
  7830 | Lair:1   | Reached skill level 5 in Armour
  7830 | Lair:1   | Reached ** piety under Okawaru
  7831 | Lair:1   | Killed a black mamba
  7832 | Lair:1   | Reached skill level 14 in Axes
  8175 | Lair:1   | Noticed a cane toad
  8183 | Lair:1   | Killed a cane toad
  8304 | Lair:1   | Reached *** piety under Okawaru
  8322 | Lair:1   | Reached skill level 15 in Axes
  8486 | Lair:1   | Reached **** piety under Okawaru
  8660 | Lair:1   | Noticed Kobimuze's ghost (journeyman MfTm)
  8661 | Lair:1   | Found a runed translucent door.
  9187 | Lair:1   | Reached XP level 11. HP: 82/102 MP: 13/13
  9191 | Lair:1   | Received a gift from Okawaru
  9562 | Lair:1   | Found a runed translucent door.
  9562 | Lair:1   | Noticed a wolf spider
  9584 | Lair:2   | Reached skill level 5 in Invocations
  9797 | Lair:2   | Reached ***** piety under Okawaru
 10023 | Lair:2   | Reached skill level 16 in Axes
 10047 | Lair:2   | Received a gift from Okawaru
 10497 | Lair:2   | Reached skill level 1 in Ranged Weapons
 10557 | Lair:2   | Received a gift from Okawaru
 10918 | Lair:3   | Reached XP level 12. HP: 84/113 MP: 15/15
 10970 | Lair:3   | Reached skill level 5 in Shields
 11053 | Lair:3   | Found a staircase to the Snake Pit.
 11061 | Lair:3   | Reached ****** piety under Okawaru
 11238 | Lair:3   | Identified the +1 pair of boots of Philately {Str+4}
                  | (Okawaru gifted it to you on level 3 of the Lair of Beasts)
 11238 | Lair:3   | Received a gift from Okawaru
 11963 | Lair:4   | Noticed a seven-headed hydra
 11964 | Lair:4   | Noticed an eight-headed hydra
 11969 | Lair:4   | Found a dark tunnel.
 11993 | Lair:4   | Reached skill level 10 in Armour
 12001 | Volcano  | Entered a volcano
 12079 | Volcano  | Reached skill level 5 in Ranged Weapons
 12212 | Volcano  | Identified the +2 war axe of Compound Interest {vorpal,
                  | rPois Will+ rCorr Int+2} (Okawaru gifted it to you in a
                  | volcano)
 12212 | Volcano  | Received a gift from Okawaru
 12217 | Volcano  | Reached XP level 13. HP: 118/123 MP: 18/18
 12372 | Lair:4   | HP: 5/123 [death yak (7)]
 12372 | Lair:4   | Mangled by a death yak

Illustrated notes

Levels and vault maps discovered:
D:1:      erik_arrival_blinker_ship, layout_loops_ring, basic_ecumenical_altar
D:2:      layout_loops_ring, roderic_serpentine_path, minmay_pentomino_z2
D:3:      minmay_evil_eye, layout_basic, nicolae_concentric_dashed_squares_mild
D:4:      layout_loops_cross, vehumet_statue, serial_shops,
          nicolae_shop_statue_plus, nicolae_shop_temple_entry_statues_fountains,
          shop, kennysheep_generic_room_11
D:5:      layout_basic, nicolae_ossuary_entry_catacombs
D:6:      corexii_shantytown, layout_basic, mainiacjoe_overflow_catwalk,
          nicolae_overflow_hidden_temple
D:7:      layout_loops_ring, dancing_weapons_uskayaw,
          mainiacjoe_overflow_divided_tiny, temple_green, st_stairs_2,
          uniq_pikel
D:8:      layout_cave_pools, erik_lair_dragon, serial_shops, shop
Temple:   eino_temple_water
Lair:1:   gammafunk_indiana_jones, layout_layer_cave, gauntlet_entry_generic,
          gammafunk_ghost_grave
Lair:2:   layout_regular_city
Lair:3:   layout_regular_city, minmay_snake_entry_six_corridors,
          infiniplex_staircase_pool
Lair:4:   layout_loops_ring, palyth_hydra_swamp_entry,
          nicolae_volcano_entry_vermiform

Skill      XL: |  1  2  3  4  5  6  7  8  9 10 11 12 |
---------------+-------------------------------------+-----
Axes           | 3 4 5 6 7 9 11 13 15 16 | 16.1
Fighting       | 4 5 6 7 9 10 11 12 13 | 13.8
Shields        | 4 7 |  7.5
Armour         | 4 6 8 10 | 10.6
Invocations    | 2 4 6 8 |  8.4
Ranged Weapons | 2 5 |  5.8

Action                   |  1- 3 |  4- 6 |  7- 9 | 10-12 | 13-15 || total
-------------------------+-------+-------+-------+-------+-------++-------
Melee: War axe           |    62 |   135 |   286 |   324 |     1 ||   808
       Headbutt          |     4 |    19 |    32 |    67 |     5 ||   127
       Executioner's axe |       |       |       |       |    18 ||    18
  Use: Scroll            |     4 |     2 |    10 |     8 |       ||    24
 Stab: Confused          |       |       |     1 |       |       ||     1
Armor: Scale mail        |     3 |       |       |       |       ||     3
       Chain mail        |    24 |    63 |   162 |       |       ||   249
       Plate armour      |       |       |     6 |   194 |    24 ||   224
Dodge: Dodged            |    25 |    47 |    86 |   104 |    11 ||   273
Block: Buckler           |    13 |    27 |    59 |    62 |       ||   161

Table legend: (Time is in decaauts)
 A = Elapsed time spent in this place.
 B = Non-inter-level travel time spent in this place.
 C = Inter-level travel time spent in this place.
 D = Time resting spent in this place.
 E = Time spent auto-exploring this place.
 F = Levels seen in this place.
 G = Mean time per level.
                   A        B        C        D        E       F      G
               +--------+--------+--------+--------+--------+-----+--------+
         Total |  12362 |  11920 |    442 |      2 |   9920 |  15 |  824.1 |
       Dungeon |   7265 |   6887 |    378 |      2 |   5680 |   8 |  908.1 |
        Temple |    226 |    213 |     13 |      0 |    199 |   1 |  226.0 |
          Lair |   4178 |   4127 |     51 |      0 |   3606 |   4 | 1044.5 |
       Ossuary |    395 |    395 |      0 |      0 |    276 |   1 |  395.0 |
       Volcano |    296 |    296 |      0 |      0 |    158 |   1 |  296.0 |
               +--------+--------+--------+--------+--------+-----+--------+

Top non-repeatable levels by time:
  Lair:1: 1742 daAuts
  Lair:2: 1307 daAuts
     D:4: 1087 daAuts
     D:7: 1068 daAuts
     D:6: 1046 daAuts
     D:5: 1019 daAuts
     D:3: 942 daAuts
     D:8: 911 daAuts
  Lair:3: 907 daAuts
     D:1: 640 daAuts
     D:2: 549 daAuts
 Ossuary: 395 daAuts
 Volcano: 296 daAuts
  Temple: 226 daAuts
  Lair:4: 221 daAuts
